 Dungeon Crawl Stone Soup version 0.13.2 (webtiles) character file.

210 sanboga the Covered (level 3, -2/33 HPs)
             Began as a Minotaur Fighter on Mar 10, 2017.
             Slain by an orc
             ... wielding a +0,+2 orcish trident
              (3 damage)
             ... on Level 3 of the Dungeon.
             The game lasted 00:07:51 (1700 turns).

sanboga the Covered (Minotaur Fighter)              Turns: 1700, Time: 00:07:51

HP  -2/33        AC  7     Str 20      XL: 3   Next: 73%
MP   1/1         EV  6     Int  5      God:
Gold 153         SH 19     Dex 10      Spells:  0 memorised,  2 levels left

Res.Fire  : . . .   See Invis. : .   a - +0 mace
Res.Cold  : . . .   Warding    : .   b - +0 scale mail
Life Prot.: . . .   Conserve   : .   c - +0 shield
Res.Poison: .       Res.Corr.  : .   (helmet restricted)
Res.Elec. : .       Clarity    : .   (no cloak)
Sust.Abil.: . .     Spirit.Shd : .   (no gloves)
Res.Mut.  : .       Stasis     : .   (no boots)
Res.Rott. : .       Flight     : .   (no amulet)
Saprovore : . . .                    (no ring)
                                     (no ring)

@: not resistant to hostile enchantments, extremely unstealthy
A: retaliatory headbutt, horns 2
a: no special abilities


You were on level 3 of the Dungeon.
You were not hungry.

You visited 1 branch of the dungeon, and saw 3 of its levels.

You collected 133 gold pieces.

Inventory:

Hand weapons
 a - a +0,+0 mace (weapon)
 m - a +0,+0 sling
Missiles
 j - 91 darts (quivered)
 o - 45 stones
Armour
 b - a +0 scale mail (worn)
 c - a +0 shield (worn)
 q - a +0 cloak
Comestibles
 d - 3 bread rations
 f - a meat ration
 i - an orange
 n - an apple
 r - an apricot
Scrolls
 e - a scroll of remove curse {unknown}
 g - a scroll of random uselessness {unknown}
 h - a scroll of teleportation {unknown}
 k - a scroll of enchant weapon II {unknown}
 l - a scroll of enchant armour {unknown}
 s - a scroll of amnesia {unknown}
 t - a scroll of identify {unknown}
 v - a scroll of fear {unknown}
 w - a scroll of curse jewellery {unknown}
Potions
 p - a potion of curing {unknown}
 u - a potion of beneficial mutation {unknown}


   Skills:
 + Level 3.9 Fighting
 + Level 2.5 Maces & Flails
 + Level 1.9 Slings
 + Level 4.4 Armour
 + Level 0.7 Dodging
 + Level 3.9 Shields


You had 2 spell levels left.
You didn't know any spells.

Dungeon Overview and Level Annotations

Branches:
Dungeon (3/27)

Altars:
Sif Muna
the Shining One


Innate Abilities, Weirdness & Mutations

You reflexively headbutt those who attack you in melee.
You have a pair of horns on your head.


Message History

You block the orc's attack. The orc hits you with an orcish flail.
* * * LOW HITPOINT WARNING * * *
You closely miss the orc. Your headbutt misses the orc.
You block the orc's attack. The orc barely misses you. You furiously retaliate!
You headbutt the orc.
The orc hits you with an orcish hand axe.
* * * LOW HITPOINT WARNING * * *
You thump the orc!
You kill the orc!
The orc hits you with an orcish flail.
* * * LOW HITPOINT WARNING * * *
You block the orc's attack. The orc hits you with an orcish flail.
* * * LOW HITPOINT WARNING * * *
Read which item? (? for menu, Esc to quit)
As you read the scroll labeled NECSYFRAETTY, it crumbles to dust.
Nothing appears to happen.
You block the orc's attack.
You hit the orc. You headbutt the orc.
You kill the orc!
The orc hits you with an orcish trident.
You die...

#..........#
#..........###
#............#
#.....)....#
#.....<<...#
#..........#
#...!......#
#....o.....#
#....)@....#
######.).###
#.### #......#
#......#
#......+
+......#
.......#
........#


You could see an orc.

Vanquished Creatures
  2 adders (D:2)
  A giant mite (D:2)
  4 orcs (D:3)
  2 giant cockroaches (D:2)
  6 hobgoblins
  A kobold (D:1)
  A quokka (D:2)
  A ball python (D:1)
  4 bats
  2 giant newts (D:2)
  4 rats (D:2)
28 creatures vanquished.

Notes
Turn   | Place    | Note
--------------------------------------------------------------
     0 | D:1      | sanboga, the Minotaur Fighter, began the quest for the Orb.
     0 | D:1      | Reached XP level 1. HP: 19/19 MP: 0/0
   665 | D:2      | Reached XP level 2. HP: 26/26 MP: 0/0
   854 | D:2      | Reached skill level 4 in Armour
   932 | D:2      | Reached skill level 1 in Slings
   932 | D:2      | Reached XP level 3. HP: 22/33 MP: 1/1
  1209 | D:2      | Found a deep blue altar of Sif Muna.
  1275 | D:2      | Found a glowing golden altar of the Shining One.
  1698 | D:3      | HP: 1/33 [orc/orcish flail (2)]
  1700 | D:3      | Slain by an orc

Action                   || total
-------------------------++-------
Melee: Mace              ||    30
 Fire: Sling             ||    66
  Use: Potion            ||     2
       Scroll            ||     1
